AoeStats
← [CL] Al3jandr0.magn00

Arabia

507536182Analyzed
1v1 RM · 12d ago on Sep 18, 2026· 45m 13s· 2 players
Game mode
Random Map
Map size
Tiny (2 player)
Population
200
Speed
Normal
Resources
Standard
Victory
Conquest
Starting age
Dark Age
Ending age
Imperial Age
RankedLock teamsTeams togetherTeam positionsShared explorationLock speedFull tech treeHidden civsTurbo modeCheats
Victory
Defeat
🇫🇷 Saracens · France
1926
+16
🇦🇷 Bohemians · Argentina
1916
-16
[CL] Al3jandr0.magn00
6:37 Loom
9:05 Feudal Age
14:42 Double-Bit Axe
15:09 Arson
15:40 Fletching
23:02 Castle Age
21:44 Horse Collar
23:41 Bodkin Arrow
23:06 Crossbowman
25:59 Bow Saw
26:47 Ballistics
28:36 Chemistry
37:05 Imperial Age
35:40 Padded Archer Armor
35:08 Elite Skirmisher
36:58 Leather Archer Armor
38:38 Ring Archer Armor
38:22 Bracer
43:54 Wheelbarrow
43:05 Town Watch
Vaginisme
9:01 Loom
12:11 Feudal Age
13:05 Double-Bit Axe
13:16 Horse Collar
13:59 Fletching
21:25 Castle Age
21:12 Gold Mining
21:35 Crossbowman
22:30 Bodkin Arrow
23:36 Ballistics
24:41 Bow Saw
27:21 Wheelbarrow
28:00 Padded Archer Armor
29:16 Leather Archer Armor
34:50 Imperial Age
33:57 Gold Shaft Mining
35:16 Hand Cart
35:41 Bracer
37:56 Chemistry
37:04 Arbalester
38:18 Thumb Ring
40:02 Scale Barding Armor
40:16 Town Watch
41:08 Bloodlines
41:28 Husbandry
41:50 Chain Barding Armor
41:41 Forging
42:01 Heavy Plow
41:23 Light Cavalry
42:12 Hussar
43:28 Plate Barding Armor
44:11 Forging
45:32 Iron Casting
Connection lost

Rejoining the realm…

Still unreachable

The connection could not be restored.

Session expired

The server has moved on; the page needs a fresh start.